 Dungeon Crawl Stone Soup version 0.25-a0-429-g4e4398398a (webtiles) character file.

Game seed: 1195713405968980759, levelgen mode: deterministic

50 kipponium the Charmwright (level 3, 0/31 HPs)
             Began as a Gnoll Skald on Jan 25, 2020.
             Slain by a goblin
             ... wielding a +0 club
             ... led by Robin
              (1 damage)
             ... on level 2 of the Dungeon.
             The game lasted 00:05:23 (1018 turns).

kipponium the Charmwright (Gnoll Skald)             Turns: 1018, Time: 00:05:23

Health: 0/31       AC:  9    Str: 15    XL:     3   Next: 79%
Magic:  1/9        EV: 14    Int: 15    God:
Gold:   21         SH:  0    Dex: 15    Spells: 1/12 levels left

rFire    . . .     SeeInvis .   a - +0 falchion
rCold    . . .     Gourm    .   (no shield)
rNeg     . . .     Faith    .   b - +0 leather armour
rPois    .         Spirit   .   (no helmet)
rElec    .         Reflect  .   (no cloak)
rCorr    .         Harm     .   (no gloves)
MR       .....                  (no boots)
Stlth    +.........             (no amulet)
HPRegen  0.10/turn              i - +2 ring of strength
MPRegen  0.11/turn              (no ring)

@: icy armour, singing, very slightly contaminated
A: distributed training, fangs 1, strong nose
a: no special abilities


You were on level 2 of the Dungeon.
You were hungry.

You visited 1 branch of the dungeon, and saw 2 of its levels.

You collected 21 gold pieces.

Inventory:

Hand Weapons
 a - a +0 falchion (weapon)
Missiles
 c - 48 stones (quivered)
Armour
 b - a +0 leather armour (worn)
Jewellery
 i - a +2 ring of strength (left hand)
Scrolls
 e - a scroll of fog {unknown}
 f - a scroll of remove curse {unknown}
 j - a scroll of teleportation {unknown}
 l - a scroll of immolation {unknown}
Potions
 h - a potion of flight {unknown}
 k - a potion of degeneration {unknown}
Comestibles
 d - a ration
 g - 2 chunks of flesh


   Skills:
 + Level 4.5 Fighting
 + Level 0.9 Short Blades
 + Level 4.5 Long Blades
 + Level 0.9 Axes
 + Level 0.9 Maces & Flails
 + Level 0.9 Polearms
 + Level 0.9 Staves
 + Level 0.9 Slings
 + Level 0.9 Bows
 + Level 0.9 Crossbows
 + Level 0.9 Throwing
 + Level 2.6 Armour
 + Level 4.5 Dodging
 + Level 0.9 Stealth
 + Level 0.9 Shields
 + Level 0.9 Unarmed Combat
 + Level 5.0 Spellcasting
 + Level 0.6 Conjurations
 + Level 0.6 Hexes
 + Level 5.4 Charms
 + Level 0.6 Summonings
 + Level 0.6 Necromancy
 + Level 0.6 Translocations
 + Level 0.6 Transmutations
 + Level 0.6 Fire Magic
 + Level 0.6 Ice Magic
 + Level 0.6 Air Magic
 + Level 0.6 Earth Magic
 + Level 0.6 Poison Magic
 + Level 1.0 Invocations
 + Level 0.9 Evocations


You had one spell level left.
You knew the following spells:

 Your Spells              Type           Power        Failure   Level  Hunger
a - Infusion              Chrm           ###.         2%          1    None
b - Song of Slaying       Chrm           ###.....     3%          2    ##.....
c - Shroud of Golubria    Chrm/Tloc      ##....       9%          2    ##.....
d - Ozocubu's Armour      Chrm/Ice       ##......     17%         3    ###....
e - Spectral Weapon       Hex/Chrm       ##......     17%         3    ###....

Your spell library contained the following spells:

 Spells                   Type           Power        Failure   Level  Hunger


Dungeon Overview and Level Annotations

Branches:
Dungeon (1/15)

Altars:


Innate Abilities, Weirdness & Mutations

Your experience applies equally to all skills.
You have very sharp teeth.
Your uncanny sense of smell can sniff out nearby items.


Message History

Robin says, "Kneel, worm!"
Robin roars a battlecry!
The goblins go into a battle-frenzy!
The goblin barely misses you.
You closely miss Robin.
Robin is severely wounded.
The goblin no longer looks unusually strong.
The goblin misses you. The goblin completely misses you.
The hobgoblin misses you.
You riposte.
You closely miss the hobgoblin. Your bite misses the hobgoblin.
The goblin hits you with a +0 club.
* * * LOW HITPOINT WARNING * * *
You slash Robin!
You kill Robin!
Your Invocations skill increases to level 1!
The hobgoblin no longer looks unusually strong.
The goblin closely misses you. The goblin hits you.
* * * LOW HITPOINT WARNING * * *
The hobgoblin hits you but does no damage.
The goblin hits you with a +0 club.
You die...

####....S..#####.#######.#.
#.......# #.# #.#.
#####...# #.. ..#. ####...#
#.## ####. .....######+####
#. #... #........# #. ##
#..g##........# #.
...#..Sg#(.......#######
....(.#@#####.###.......
.....(ggg..##.# #.######
###........##.# #.#
#........##.###.###
#......÷.##.......#
#...###.###†......#
#...###..##.......#
...($....).........#
.##.....##.##.......#


You could see an adder, 2 hobgoblins and 3 goblins.

Vanquished Creatures
  Robin (D:2)
  2 adders (D:2)
  A leopard gecko (D:2)
  8 goblins (D:2)
  A hobgoblin (D:2)
  A quokka (D:2)
  2 bats (D:2)
  2 frilled lizards
  A kobold (D:1)
  3 rats (D:1)
22 creatures vanquished.

Notes
Turn   | Place    | Note
-------+----------+-------------------------------------------
     0 | D:1      | kipponium the Gnoll Skald began the quest for the Orb.
     0 | D:1      | Reached XP level 1. HP: 20/20 MP: 6/6
   415 | D:1      | You fall into a shaft and drop 1 floor!
   442 | D:2      | Reached XP level 2. HP: 15/26 MP: 7/7
   686 | D:2      | Learned a level 2 spell: Song of Slaying
   858 | D:2      | Reached XP level 3. HP: 31/31 MP: 7/9
   862 | D:2      | Learned a level 2 spell: Shroud of Golubria
   866 | D:2      | Learned a level 3 spell: Ozocubu's Armour
   870 | D:2      | Learned a level 3 spell: Spectral Weapon
   891 | D:2      | Reached skill level 5 in Spellcasting
   995 | D:2      | Noticed Robin
  1018 | D:2      | Killed Robin
  1018 | D:2      | Reached skill level 1 in Invocations
  1018 | D:2      | HP: 1/31 [goblin[Robin] (6)]
  1018 | D:2      | Slain by a goblin

Levels and vault maps discovered:
D:1:      nagdon_arrival_double_spiral, layout_basic, hangedman_decor_push
D:2:      layout_basic, uniq_robin

Skill      XL: |  1  2  3 |
---------------+----------+-----
Spellcasting   | 5 |  5.0
Invocations    | 1 |  1.0
Fighting       | |  4.5
Short Blades   | |  0.9
Long Blades    | |  4.5
Axes           | |  0.9
Maces & Flails | |  0.9
Polearms       | |  0.9
Staves         | |  0.9
Slings         | |  0.9
Bows           | |  0.9
Crossbows      | |  0.9
Throwing       | |  0.9
Armour         | |  2.6
Dodging        | |  4.5
Stealth        | |  0.9
Shields        | |  0.9
Unarmed Combat | |  0.9
Conjurations   | |  0.6
Hexes          | |  0.6
Charms         | |  5.4
Summonings     | |  0.6
Necromancy     | |  0.6
Translocations | |  0.6
Transmutations | |  0.6
Fire Magic     | |  0.6
Ice Magic      | |  0.6
Air Magic      | |  0.6
Earth Magic    | |  0.6
Poison Magic   | |  0.6
Evocations     | |  0.9

Action                   || total
-------------------------++-------
Melee: Falchion          ||    52
       Bite              ||     2
Throw: Stone             ||    15
 Cast: Infusion          ||     4
       Shroud of Golubri ||     2
       Song of Slaying   ||     2
       Ozocubu's Armour  ||     1
Armor: Leather armour    ||    18
Dodge: Dodged            ||    53
       Rpst.: Falchion   ||    17

Table legend:
 A = Non-vault XP
 B = Vault XP
 C = Vault XP percentage of total XP
 D = Non-vault monster count
 E = Vault monster count
 F = Vault count percentage of total count
                 A         B        C        D         E       F
            +---------+---------+-------+---------+---------+-------
      Total |      45 |      27 |  37.5 |      15 |       7 |  31.8
            +---------+---------+-------+---------+---------+-------
        D:1 |       5 |       0 |   0.0 |       5 |       0 |   0.0
        D:2 |      40 |      27 |  40.3 |      10 |       7 |  41.2
            +---------+---------+-------+---------+---------+-------
